 Dungeon Crawl Stone Soup version 0.30.1-9-gdf580d7c3d (webtiles) character file.

Game seed: 8123426797406467913

18 tizbic2 the Sneak (level 2, -7/22 HPs)
             Began as a Demonspawn Brigand on Sept 25, 2023.
             Killed by nerve-wracking pain
             ... invoked by Jessica
              (14 damage)
             ... on level 1 of the Dungeon.
             The game lasted 00:03:24 (773 turns).

tizbic2 the Sneak (Demonspawn Brigand)               Turns: 773, Time: 00:03:29

Health: -7/22      AC:  9    Str: 11    XL:     2   Next: 51%
Magic:  2/2        EV:  2    Int: 12    God:
Gold:   60         SH:  0    Dex: 14    Spells: 1/1 levels left

rFire   . . .        a - +2 dagger
rCold   . . .        (no shield)
rNeg    . . .        j - +0 chain mail
rPois   .            (no helmet)
rElec   .            c - +0 cloak
rCorr   +            (no gloves)
SInv    .            (no boots)
Will    .....        (no amulet) Stlth
                     l - ring of resist corrosion
HPRegen 0.23/turn    (no ring)
MPRegen 0.08/turn

%: no passive effects
@: grasped by roots, constricted
A: demonic guardian 1
a: no special abilities


You were on level 1 of the Dungeon.
You visited 1 branch of the dungeon, and saw 2 of its levels.

You collected 60 gold pieces.

Inventory:

Hand Weapons
 a - a +2 dagger (weapon)
Missiles
 d - 9 poisoned darts (quivered)
 e - 3 curare-tipped darts
Armour
 b - a +0 robe
 c - a +0 cloak (worn)
 j - a +0 chain mail (worn)
Jewellery
 l - a ring of resist corrosion (left hand)
Scrolls
 g - a scroll of immolation {unknown}
 i - a scroll of noise {unknown}
 k - a scroll of blinking {unknown}
Potions
 f - a potion of cancellation
 h - a potion of curing {unknown}


   Skills:
 + Level 2.2 Fighting
 * Level 2.2 Short Blades
 + Level 2.0 Throwing
 + Level 0.5 Armour
 - Level 0.9 Dodging
 - Level 3.6 Stealth


You had one spell level left.
You didn't know any spells.
Your spell library contained the following spells:

 Spells                   Type           Power      Damage    Failure   Level
 Blink                    Tloc           0%         N/A       100%        2
 Lesser Beckoning         Tloc           0%         N/A       100%        2
 Momentum Strike          Conj/Tloc      0%         3d8       100%        2


Dungeon Overview and Level Annotations

Branches:
Dungeon (2/15)

Altars:

Annotations:
D:1 Jessica


Innate Abilities, Weirdness & Mutations

A weak demonic guardian rushes to your aid.


Message History

Jessica mumbles some strange words.
Jessica blinks!
The kobold hits you but does no damage.
You hit the kobold.
The kobold is heavily wounded.
Jessica barely misses you.
You barely miss the kobold.
The kobold is heavily wounded.
The kobold hits you but does no damage.
Jessica zaps a wand.
The roots erupt in riotous growth!
The grasping roots grab you!
The kobold is unaffected.
Jessica is unaffected.
The grasping roots constrict you.
You hit the kobold.
You kill the kobold!
Jessica casts a spell.
Jessica blinks!
The grasping roots constrict you.
The roots grasp on you weakens, but your attempt to escape fails.
The grasping roots constrict you. x2
You escape the roots grasp.
Things that are here:
a +0 whip; 5 stones; a kobold corpse You hit Jessica.
Jessica is moderately wounded.
Jessica hits you with a +0 club. x2
You hit Jessica but do no damage.
Jessica is moderately wounded.
Jessica zaps a wand.
The roots erupt in riotous growth!
The grasping roots grab you!
Jessica is unaffected.
The now-empty wand crumbles to dust.
The grasping roots constrict you.
A demonic guardian appears!
You hit Jessica but do no damage.
Jessica is moderately wounded.
Jessica hits you but does no damage. The grasping roots constrict you.
You hit Jessica but do no damage.
Jessica is moderately wounded.
Jessica hits you with a +0 club. The grasping roots constrict you.
Jessica gestures at you while chanting. Pain shoots through your body!
Ouch! That really hurt!
You die...

.# #.##≈≈≈≈≈.....≈≈≈≈≈# .#
#.##≈≈≈≈≈≈≈.≈≈≈≈≈≈≈#
.########.#########.#########
.'................#.........#
.################.#.#.......#
.# #.......# #.#.#.####### ##
#.#####.# #.#.#.#
######.#####.####.#.#.#
...............@@5#.#.#
######.#####.####)#.#.#
.......# #.# #.#.#.# .#######
#.# #.#.#.# .# #.#######.#
#.#.#.# .# #.........#
#.#.#.# .#
#.############.#.#.# ##
#....#...........#.#
####.#.#######.###.#


You could see Jessica (fast, ally target) and a friendly shadow imp (summoned).

Vanquished Creatures
  A dart slug (D:1)
  2 ball pythons (D:1)
  An endoplasm (D:1)
  A goblin (D:1)
  2 hobgoblins (D:1)
  2 quokkas (D:1)
  2 bats (D:1)
  3 kobolds
  2 rats (D:1)
16 creatures vanquished.

Notes
Turn   | Place    | Note
-------+----------+-------------------------------------------
     0 | D:1      | tizbic2 the Demonspawn Brigand began the quest for the Orb.
     0 | D:1      | Reached XP level 1. HP: 16/16 MP: 1/1
   256 | D:1      | Gained mutation: A weak demonic guardian rushes to your
                  | aid. [demonic ancestry]
   256 | D:1      | Reached XP level 2. HP: 20/22 MP: 2/2
   722 | D:2      | Noticed Jessica
   773 | D:1      | Killed from afar by Jessica

Illustrated notes

Levels and vault maps discovered:
D:1:      dpeg_arrival_shrine, layout_basic, minivault_19
D:2:      layout_rooms, ebering_ecumenical_altar_abandoned, serial_shops,
          nicolae_shop_waterfront, uniq_natasha, uniq_terence, uniq_jessica

Skill      XL: |  1  2 |
---------------+-------+-----
Short Blades   | 2 |  2.2
Throwing       | 2 |  2.0
Fighting       | |  2.2
Armour         | |  0.5
Dodging        | |  0.9
Stealth        | |  3.6

Action                     || total
---------------------------++-------
  Melee: Dagger            ||    53
    Use: Scroll            ||     1
   Stab: Sleeping          ||     3
 Armour: Robe              ||    11
         Chain mail        ||    12
  Dodge: Dodged            ||    22
